 Dungeon Crawl Stone Soup version 0.17-a0-1411-g06ff558 (webtiles) character file.

46 Fizybubbleh the Grave Robber (level 3, 0/24 HPs)
             Began as a Mummy Necromancer on June 23, 2015.
             Slain by an adder (2 damage)
             ... on level 2 of the Dungeon.
             The game lasted 00:11:27 (2070 turns).

Fizybubbleh the Grave Robber (Mummy Necromancer)    Turns: 2070, Time: 00:11:27

Health: 0/24       AC:  2    Str: 11    XL:     3   Next: 46%
Magic:  0/6        EV: 12    Int: 15    God:
Gold:   117        SH:  0    Dex: 12    Spells: 3 memorised, 1 level left

rFire  x . .     SeeInvis .     (no weapon)
rCold  + . .     Clarity  .     a - +0 robe
rNeg   + + +     SustAt   .     (no shield)
rPois  ∞         Gourm    .     (no helmet)
rElec  .         Spirit   +     (no cloak)
rCorr  .         Warding  .     (no gloves)
rMut   .         Stasis   .     (no boots)
MR     .....                    s - amulet of guardian spirit
Stlth  ++........               (no ring)
                                (no ring)

@: not resistant to hostile enchantments, unstealthy
A: no food or potions, fire vulnerability, cold resistance 1, negative energy
resistance 3, torment resistance, unbreathing
a: no special abilities


You were on level 2 of the Dungeon.
You were not hungry.

You visited 1 branch of the dungeon, and saw 2 of its levels.

You collected 117 gold pieces.

Inventory:

Hand weapons
 d - a +0 club
 e - a +0 dagger
 h - a +0 club
 i - a +0 dagger
 k - a +0 dagger
 l - a +0 dagger
 m - a +0 club
 n - a +0 club
 o - a +0 dagger
 p - a +0 dagger
 q - a cursed -3 short sword
 r - a +0 club
 t - a +0 club
 u - a cursed -2 club
 w - a +0 club
Missiles
 v - 7 curare-tipped needles
Armour
 a - a +0 robe (worn)
Jewellery
 s - an amulet of guardian spirit (around neck)
Scrolls
 c - a scroll of remove curse {unknown}
 f - 2 scrolls of immolation {unknown}
 g - a scroll of identify {unknown}
 j - a scroll of enchant weapon {unknown}
 x - a scroll of fog {unknown}
Books
 b - a book of Necromancy

   Spells                             Type                      Level
   a - Pain                           Necromancy                   1
   b - Animate Skeleton               Necromancy                   1
   c - Vampiric Draining              Necromancy                   3
   d - Regeneration                   Charms/Necromancy            3
   e - Animate Dead                   Necromancy                   4
   f - Control Undead                 Necromancy                   4


   Skills:
 - Level 1.5 Dodging
 - Level 1.5 Stealth
 - Level 2.0 Spellcasting
 + Level 5.3 Necromancy


You had one spell level left.
You knew the following spells:

 Your Spells              Type           Power        Failure   Level  Hunger
a - Pain                  Necr           ###.         2%          1    N/A
b - Animate Skeleton      Necr           N/A          2%          1    N/A
c - Vampiric Draining     Necr           ###.......   10%         3    N/A

Dungeon Overview and Level Annotations

Branches:
Dungeon (2/15)

Altars:


Innate Abilities, Weirdness & Mutations

You do not eat or drink.
Your flesh is vulnerable to fire.
You are immune to poison.
Your flesh is cold resistant.
You are immune to negative energy.
You are immune to unholy pain and torment.
You can survive without breathing.


Message History

The adder closely misses you.
Your magical contamination has completely faded away.
The adder bites you.
You take 4 damage, and have 15/24 hp.
The adder misses you. The adder barely misses you. The adder bites you.
You take 3 damage, and have 12/24 hp.
You now have 1/6 mp.
The adder bites you.
You take 3 damage, and have 10/24 hp.
You now have 0/6 mp.
The adder bites you.
* * * LOW HITPOINT WARNING * * *
You take 3 damage, and have 7/24 hp.
The adder barely misses you. The adder bites you.
* * * LOW HITPOINT WARNING * * *
You take 5 damage, and have 2/24 hp.
MASSIVE DAMAGE!!
You can't drink.
The adder bites you.
You die...

### ####### ♣♣#### ##.##
#...... ♣♣P...###...#
#...... ♣PP....##...###
#......
♣.♣P.....S.....##
#......
♣.♣.P..####@..#>.#
#.Z.... ♣♣♣### #...##.#
#.###.# ###
#...##.#####......
###########.#
##.###........##..
#.......##..## #.#
#####!...###.
.##.....###...###.#
###.#..# #. .###.####
#.......####....#.## #.
..#..####
#.##...<.....(###<. #.
........###.####....##.#
#...##.


You could see an adder.

Vanquished Creatures
  A worm (D:2)
  5 giant cockroaches
  7 hobgoblins
  3 jackals (D:2)
  8 kobolds
  2 ball pythons (D:2)
  4 bats
  A giant gecko (D:2)
  4 goblins
  6 rats
41 creatures vanquished.

Notes
Turn   | Place    | Note
--------------------------------------------------------------
     0 | D:1      | Fizybubbleh the Mummy Necromancer began the quest for the Orb.
     0 | D:1      | Reached XP level 1. HP: 13/13 MP: 3/3
   444 | D:1      | Reached XP level 2. HP: 19/19 MP: 3/5
   447 | D:1      | Learned a level 1 spell: Animate Skeleton
  1391 | D:2      | Reached skill level 5 in Necromancy
  1391 | D:2      | Reached XP level 3. HP: 24/24 MP: 0/6
  1963 | D:2      | Learned a level 3 spell: Vampiric Draining
  2070 | D:2      | Slain by an adder

Vault maps used:
D:1:      dpeg_cavernosity
D:2:      first_bread, uniq_crazy_yiuf_cottage

Action                   || total
-------------------------++-------
 Cast: Pain              ||    80
       Animate Skeleton  ||     4
